Unix NetHack Version 5.0.0-0 post-release - last build Jun 10 2026 00:39:30 (3ee93aec679c4c4259841fe613dc97188e26a321,branch:main).

Game began 2026-07-07 19:47:52, ended 2026-07-07 21:53:44.

Eymerich, chaotic male elven Priest

                                                                ------------
                                                                |..........|
                     +#######      -------------       -----##^#-..........|
                            #######-...........|       |<..|#   |..........|
                                   |...........|       |...-####-..........|
                                   |......`....|       |...|#   |..........|
                                   -----------|-       |...|#   ------------
                                              #     ###....|#
              f                              ##    ##  |...|#
               @                             #    ##   -.---#
               #                             #    #     ######
               d                             #    #     #    ##
               ##)#)##############           #    #     ##    ####
                                 ###################    -|-------|-
                                         ###-.--.-#     |.........|
                                            |c:Md.#  ###..........|
                                            |.@C'|  0#  |.{....<..|
                                            |.d.o-###   |.........|
                                            ------      -----------

Eymerich the Adept           St:18 Dx:12 Co:16 In:12 Wi:18 Ch:12  Chaotic
Dlvl:7  $:102 HP:0(54) Pw:106(116) AC:5  Xp:9 T:8136  Burdened

Latest messages:
 You continue digging.
 You hit the rock with all your might.
 You stop digging.
 The tiger hits!
 The tiger hits again!
 The tiger bites!
 You fail to cast the spell correctly.
 The tiger hits!
 The tiger hits again!
 The tiger bites!
 You swap places with your large cat.
 In what direction?
 You feel better.
 You hear some noises.
 What do you want to take off? [EV or ?*]
 You were wearing a +0 dwarvish cloak.
 It knocks your large cat back with a powerful strike!
 What do you want to wear? [bsEO or ?*]
 You are now wearing a robe.
 Your large cat steps reluctantly onto a kobold corpse.
 a - a blessed +3 mace (weapon in right hand).
 N - a broad pick (alternate weapon; not wielded).
 N - a broad pick (weapon in hands).
 a - a blessed +3 mace (alternate weapon; not wielded).
 You continue digging.
 You hit the rock with all your might.
 You stop digging.
 It bites the tiger.
 The tiger misses it.
 The tiger hits it.
 The tiger bites it.
 The tiger hits!
 The tiger hits again!
 The tiger bites!
 It misses the tiger.
 You stop.  Your large dog is in the way!
 The tiger hits!
 The tiger hits again!
 The tiger bites!
 It bites the tiger.
 The tiger misses it.
 The tiger hits it.
 The tiger misses it.
 It misses the tiger.
 You start digging.
 You hit the rock with all your might.
 You stop digging.
 The tiger hits!
 You die...
 Do you want your possessions identified? [ynq] (y)

Inventory:
 Coins    ('$')
  $ - 102 gold pieces
 Weapons  (')')
  z - 9 poisoned +0 orcish arrows
  g - 2 +1 darts
  L - 23 +0 darts
  h - 3 +0 daggers
  H - a fireproof +0 elven dagger
  k - a +0 elven dagger
  u - 2 +0 orcish daggers
  N - a +0 dwarvish mattock (weapon in hands)
  a - a blessed +3 mace (alternate weapon; not wielded)
 Armor    ('[')
  V - a blessed +2 orcish helm (being worn)
  O - a +1 pair of iron shoes
  E - a +0 dwarvish cloak
  s - a +0 mummy wrapping
  b - a +0 robe (being worn)
 Comestibles  ('%')
  e - 2 cloves of garlic
  n - 2 cream pies
  w - a food ration
  A - a fortune cookie
  f - a sprig of wolfsbane
  K - a tin of dried cockatrice meat
  I - a lizard corpse
 Scrolls  ('?')
  Q - a blessed scroll of blank paper
  T - 2 scrolls of blank paper
  G - a scroll of earth
  U - 4 blessed scrolls of identify
  v - 2 scrolls of scare monster
  C - a scroll of teleportation
 Spellbooks  ('+')
  F - a spellbook of invisibility
 Potions  ('!')
  D - a potion of extra healing
  P - a potion of healing
  B - a potion of object detection
  m - a blessed potion of paralysis
  S - 2 potions of restore ability
  q - a blessed potion of see invisible
  J - a potion of see invisible
  p - a potion of speed
  d - 2 potions of holy water
 Rings    ('=')
  o - a ring of warning
 Wands    ('/')
  W - a wand of create monster (0:7)
 Tools    ('(')
  j - a leather drum
  x - a brass lantern
  i - a magic marker (0:21)
  y - a magic whistle
  t - a mirror
 Gems/Stones  ('*')
  r - 2 emeralds named hard
  Z - a worthless piece of yellow glass named soft
  R - 17 rocks (in quiver pouch)

Eymerich the Priest's attributes:

Background:
 You were an Adept, a level 9 elven Priest.
 You were chaotic, on a mission for Huhetotl
 who was opposed by Quetzalcoatl (lawful) and Camaxtli (neutral).
 You were right-handed.
 You were in the Dungeons of Doom, on level 7.
 You entered the dungeon 8136 turns ago.
 You had 3650 experience points, 1470 more were needed to attain level 10.

Basics:
 You had 0 out of 54 hit points.
 You had 106 out of 116 energy points (spell power).
 Your armor class was 5.
 Your wallet contained 102 zorkmids.
 Autopickup was off.

Final Characteristics:
 Your strength was 18 (limit:18).
 Your dexterity was 12 (limit:18).
 Your constitution was 16 (limit:16).
 Your intelligence was 12 (limit:20).
 Your wisdom was 18 (limit:20).
 Your charisma was 12 (limit:18).

Final Status:
 You weren't hungry.
 You were burdened; movement was slightly slowed.
 You were wielding a mattock.
 You had no skill with pick-axe.

Final Attributes:
 You were piously aligned.
 You were sleep resistant.
 You had infravision.
 You were guarded.
 Your spell casting was enhanced by wearing a robe.
 You are dead.

Miscellaneous:
 You didn't encounter any bones levels.
 Total elapsed playing time was 2 hours, 5 minutes and 50 seconds.

Major events:
 Turn
    1: Eymerich the chaotic elven Priest entered the dungeon
 1321: attained the rank of Acolyte (level 3)
 1851: attained the rank of Adept (level 6)
 2508: entered the Gnomish Mines
 3827: read a Discworld novel
 7320: entered Sokoban
 8136: killed by a tiger

Spells:
 Name                 Level Category     Fail Retention
 healing                1   healing        0%   51%-75%
 cure sickness          3   healing       54%   51%-75%
 magic missile          2   attack         0%  76%-100%

Skills:
 Fighting Skills
   bare handed combat [Unskilled]
 Weapon Skills
   club               [Unskilled]
   mace               [Expert]
   morning star       [Unskilled]
   flail              [Unskilled]
   hammer             [Unskilled]
   quarterstaff       [Unskilled]
   polearms           [Unskilled]
   spear              [Unskilled]
   trident            [Unskilled]
   lance              [Unskilled]
   bow                [Unskilled]
   sling              [Unskilled]
   crossbow           [Unskilled]
   dart               [Unskilled]
   shuriken           [Unskilled]
   boomerang          [Unskilled]
   unicorn horn       [Unskilled]
 Spellcasting Skills
   healing spells     [Unskilled]
   divination spells  [Unskilled]
   clerical spells    [Basic]

Voluntary challenges:
 Character rerolling was not enabled.
 You never genocided any monsters.
 You never polymorphed an object.
 You never changed form.
 You used no wishes.
 You did not violate any of the special Sokoban rules.
Achievements:
 You attained the rank of Acolyte.
 You entered a shop.
 You attained the rank of Adept.
 You entered the Gnomish Mines.
 You read from a Discworld novel.
 You entered Sokoban.

 The Dungeons of Doom: levels 1 to 7
    Level 1:
       A fountain.
    Level 2: "vault"
       Some fountains.
    Level 3: "vault (done), 4 x locked chest, 2x locked box"
       A general store, a fountain.
       Stairs down to The Gnomish Mines.
    Level 4:
       A scroll shop, a fountain.
    Level 5:
       An altar, a throne, a fountain, a grave.
    Level 6:
       Many fountains.
    Level 7: <- You were here.
       A fountain.
       Stairs up to Sokoban, level 6.
       Final resting place for
          you, killed by a tiger.
 The Gnomish Mines:
    Level 4:
 Sokoban:
    Level 6:
       Unsolved.


Vanquished creatures:
  a trapper
  2 giant mimics
  2 large mimics
 12 small mimics
  2 tengu
  2 giant beetles
  2 wolves
 an orc-captain
 an iron piercer
  a gnome ruler
 an orc mummy
  a lizard
  a blue jelly
 an ape
  a wood nymph
  a water nymph
 10 Mordor orcs
  4 Uruk-hai
  4 rock piercers
  a rock mole
  2 fog clouds
  4 yellow lights
  a shrieker
  2 gnome leaders
  3 gnomish wizards
  2 kobold mummies
  a barrow wight
  a paper golem
  8 giant ants
  a kitten
  7 dwarves
  4 kobold leaders
  2 rothes
  a rabid rat
  a centipede
  a monkey
  4 wererats
  a werejackal
  4 iguanas
  2 acid blobs
  2 coyotes
  3 large kobolds
 10 hobgoblins
  a giant rat
  4 cave spiders
  a brown mold
  a yellow mold
  a red mold
  7 gnomes
  6 garter snakes
  4 gnome zombies
  a gecko
 12 jackals
  a kobold
  7 goblins
  4 sewer rats
  3 grid bugs
  8 bats
  6 lichens
  5 kobold zombies
  6 newts
196 creatures vanquished.

No species were genocided or became extinct.

Game over:
                       ----------
                      /          \
                     /    REST    \
                    /      IN      \
                   /     PEACE      \
                  /                  \
                  |     Eymerich     |
                  |      102 Au      |
                  |   killed by a    |
                  |      tiger       |
                  |                  |
                  |                  |
                  |       2026       |
                 *|     *  *  *      | *
        _________)/\\_//(\/(/\)/\//\/|_)_______

Goodbye Eymerich the Priest...

You died in The Dungeons of Doom on dungeon level 7 with 10772 points,
and 102 pieces of gold, after 8136 moves.
You were level 9 with a maximum of 54 hit points when you died.

